 Dungeon Crawl Stone Soup version 0.28-a0-653-g7e9dba17c3 (webtiles) character file.

Game seed: 6003773749076848704

267 ytrimaz the Chopper (level 6, -1/84 HPs)
             Began as a Minotaur Berserker on Oct 11, 2021.
             Was a Believer of Trog.
             Slain by a gnoll (3 damage)
             ... on level 4 of the Dungeon.
             The game lasted 00:03:29 (3504 turns).

ytrimaz the Chopper (Minotaur Berserker)            Turns: 3504, Time: 00:03:29

Health: -1/84      AC: 11    Str: 26    XL:     6   Next: 0%
Magic:  5/5        EV:  9    Int:  4    God:    Trog [**....]
Gold:   122        SH:  0    Dex: 10    Spells: 5/5 levels left

rFire   . . .      SeeInvis .   l - +0 war axe
rCold   . . .      Faith    .   (no shield)
rNeg    . . .      Spirit   .   b - +0 chain mail
rPois   .          Reflect  .   (helmet restricted)
rElec   .          Harm     .   (no cloak)
rCorr   .          Rampage  .   h - +1 pair of gloves {Str+3}
Will    ++...                   (no boots)
Stlth   ..........              (no amulet)
HPRegen 1.24/turn               (no ring)
MPRegen 0.09/turn               (no ring)

@: berserking, strong-willed, regenerating, very quick
A: horns 2, retaliatory headbutt
a: Renounce Religion, Berserk, Trog's Hand


You were on level 4 of the Dungeon.
You worshipped Trog.
Trog was pleased with you.
You visited 1 branch of the dungeon, and saw 4 of its levels.

You collected 122 gold pieces.

Inventory:

Hand Weapons
 a - a +0 hand axe
 l - a +0 war axe (weapon)
Armour
 b - a +0 chain mail (worn)
 h - a +1 pair of gloves of strength (worn)
Scrolls
 g - a scroll of immolation
 j - a scroll of fear
 k - a scroll of fog
Potions
 c - a potion of heal wounds {unknown}
 d - a potion of degeneration {unknown}
 f - 2 potions of flight {unknown}
 i - a potion of curing {unknown}


   Skills:
 + Level 5.5 Fighting
 + Level 6.7 Axes
 + Level 3.1 Armour
 - Level 2.1 Dodging


You had 5 spell levels left.
You didn't know any spells.
Your spell library was empty.

Dungeon Overview and Level Annotations

Branches:
Dungeon (4/15)
 Temple: D:4-7

Altars:


Innate Abilities, Weirdness & Mutations

You have a pair of horns on your head.
You reflexively headbutt those who attack you in melee.


Message History

You slash the gnoll!
The gnoll is almost dead.
The gnoll closely misses you. x2
The gnoll sergeant hits you but does no damage.
You writhe in agony.
You barely miss the gnoll. You headbutt the gnoll.
You feel the power of Trog in you as your rage grows.
You kill the gnoll!
Trog accepts your kill.
The gnoll hits you from afar with a +0 halberd!
* * * LOW HITPOINT WARNING * * *
The gnoll sergeant hits you from afar with a +1 spear of pain.
* * * LOW HITPOINT WARNING * * *
Your Armour skill increases to level 3!
The gnoll hits you but does no damage. The gnoll barely misses you.
You slice the gnoll sergeant!!
The gnoll sergeant is almost dead.
You slash the gnoll!
The gnoll sergeant hits you with a +1 spear of pain.
* * * LOW HITPOINT WARNING * * *
You writhe in agony.
* * * LOW HITPOINT WARNING * * *
The gnoll hits you but does no damage.
You slice the gnoll sergeant!!
You kill the gnoll sergeant!
Trog accepts your kill.
You slash the gnoll!
You kill the gnoll!
Trog accepts your kill.
You have reached level 6!
Your experience leads to an increase in your attributes!
Your base attributes are Str 22, Int 4, Dex 10.
Increase (S)trength, (I)ntelligence, or (D)exterity?
You feel stronger.
The gnoll hits you with a +0 spear of freezing.
* * * LOW HITPOINT WARNING * * *
The gnoll freezes you.
* * * LOW HITPOINT WARNING * * *
The gnoll hits you with a +0 flail.
You die...

#....# #....#
#....# #...>#
#....# #....#
##g..(####
##)@g......
######..########
#......)).##
#..........###
###............#
#............#.#
###.##########.#
# #...# .#
####.### .#


You could see 2 gnolls.

Vanquished Creatures
  A gnoll sergeant (D:4)
  An orc priest (D:2)
  An iguana (D:4)
  7 gnolls
  2 adders
  3 worms
  3 dart slugs (D:2)
  7 orcs
  3 endoplasms
  3 goblins
  6 hobgoblins
  4 jackals (D:3)
  2 ball pythons
  3 bats
  3 frilled lizards
  A kobold (D:1)
  2 rats
52 creatures vanquished.

Notes
Turn   | Place    | Note
-------+----------+-------------------------------------------
     0 | D:1      | ytrimaz the Minotaur Berserker began the quest for the Orb.
     0 | D:1      | Reached XP level 1. HP: 19/19 MP: 0/0
   857 | D:2      | Reached skill level 4 in Axes
   857 | D:2      | Reached XP level 2. HP: 19/27 MP: 1/1
   997 | D:2      | Reached XP level 3. HP: 34/34 MP: 2/2
  1264 | D:2      | Found a faded altar of an unknown god.
  1582 | D:2      | Reached XP level 4. HP: 37/41 MP: 3/3
  1585 | D:2      | Reached skill level 5 in Axes
  1724 | D:2      | Reached ** piety under Trog
  1731 | D:2      | Reached skill level 5 in Fighting
  2544 | D:3      | Reached XP level 5. HP: 20/48 MP: 4/4
  3139 | D:4      | Reached skill level 6 in Axes
  3504 | D:4      | Reached XP level 6. HP: 9/56 MP: 5/5
  3504 | D:4      | HP: 4/84 [gnoll (5)]
  3504 | D:4      | Slain by a gnoll

Illustrated notes

Levels and vault maps discovered:
D:1:      ncdulo_lavacross, layout_basic, chequers_arboretum, dk_noncrumbling_2
D:2:      layout_loops_ring, shapermc_ecumenical_altar_venn, minivault_5,
          chequers_jeans, kennysheep_doodads
D:3:      layout_basic, serial_corexii_hall, corexii_hall_statues_i,
          chequers_hall_statues_wall_a, corexii_hall_statues_x
D:4:      layout_rooms, chequers_serial_rivers_micro_a, minmay_cupped,
          uniq_natasha, uniq_edmund, uniq_menkaure

Skill      XL: |  1  2  3  4  5 |
---------------+----------------+-----
Fighting       | 4 5 |  5.5
Axes           | 4 5 6 |  6.7
Armour         | 3 |  3.1
Dodging        | |  2.1

Action                   |  1- 3 |  4- 6 || total
-------------------------+-------+-------++-------
Melee: Hand axe          |    53 |    44 ||    97
       Headbutt          |     8 |    11 ||    19
       War axe           |       |    18 ||    18
Invok: Berserk           |     1 |     3 ||     4
       Trog's Hand       |       |     1 ||     1
  Use: Scroll            |       |     4 ||     4
Armor: Animal skin       |     4 |    11 ||    15
       Chain mail        |       |     8 ||     8
Dodge: Dodged            |    24 |    36 ||    60

Table legend: (Time is in decaauts)
 A = Elapsed time spent in this place.
 B = Non-inter-level travel time spent in this place.
 C = Inter-level travel time spent in this place.
 D = Time resting spent in this place.
 E = Time spent auto-exploring this place.
 F = Levels seen in this place.
 G = Mean time per level.
                   A        B        C        D        E       F      G
               +--------+--------+--------+--------+--------+-----+--------+
         Total |   3537 |   3400 |    137 |    533 |   2376 |   4 |  884.2 |
       Dungeon |   3537 |   3400 |    137 |    533 |   2376 |   4 |  884.2 |
               +--------+--------+--------+--------+--------+-----+--------+

Top non-repeatable levels by time:
     D:2: 1370 daAuts
     D:3: 1213 daAuts
     D:1: 850 daAuts
     D:4: 103 daAuts
